 Dungeon Crawl Stone Soup version 0.25.0-1-g7eea58d (webtiles) character file.

Game seed: 2692676466624035096

25106 Buxparty the Fighter (level 12, 0/87 HPs)
             Began as a Demonspawn Gladiator on June 19, 2020.
             Was a High Priest of Hepliaklqana.
             Hit by a silver javelin thrown by a minotaur (5 damage)
             ... in a Gauntlet.
             The game lasted 00:51:05 (16556 turns).

Buxparty the Fighter (Demonspawn Gladiator)        Turns: 16556, Time: 00:51:06

Health: 0/87       AC:  9    Str: 26    XL:     12   Next: 86%
Magic:  12/12      EV: 18    Int: 13    God:    Hepliaklqana [*****.]
Gold:   971        SH:  0    Dex: 17    Spells: 11/11 levels left

rFire    . . .     SeeInvis .   E - +3 spear (vorpal)
rCold    . . .     Gourm    .   (no shield)
rNeg     . . .     Faith    .   F - +3 ring mail of Articulation {Regen+ Str+2}
rPois    .         Spirit   .   J - +0 hat
rElec    .         Reflect  .   (no cloak)
rCorr    .         Harm     .   (no gloves)
MR       .....     Rnd*Rage +   (no boots) Stlth ++++++....NoTele +
                                (no amulet)
HPRegen  0.64/turn              u - ring "Toinnifi" {Str+6 Int+4}
MPRegen  0.13/turn              K - +4 ring of slaying

@: no status effects
A: reduced essence, antennae 2, berserk 1, nightstalker 2, spiny 2, sturdy frame
2
a: Recall Ancestor, Ancestor Identity, Transference, Idealise, Renounce Religion


You were in a Gauntlet.
You worshipped Hepliaklqana.
Hepliaklqana was extremely pleased with you.
You were not hungry.

You visited 3 branches of the dungeon, and saw 15 of its levels.
You also visited: Gauntlet and Ice Cave.

You collected 971 gold pieces.

Inventory:

Hand Weapons
 E - a +3 vorpal spear (weapon)
Missiles
 c - 6 boomerangs
 d - 3 throwing nets
 l - 42 poisoned darts (quivered)
 H - 8 silver boomerangs
Armour
 F - the +3 ring mail of Articulation (worn) {Regen+ Str+2}
   (You found it on level 8 of the Dungeon)

   It affects your strength (+2).
   It increases your rate of regeneration.
 J - a +0 hat (worn)
Jewellery
 r - an uncursed ring of protection from magic
 u - the ring "Toinnifi" (left hand) {Str+6 Int+4}
   (You found it in a Gauntlet)

   [ring of strength]

   It affects your strength (+6).
   It affects your intelligence (+4).
 K - a +4 ring of slaying (right hand)
Wands
 a - a wand of acid (14)
 b - a wand of clouds (7)
 h - a wand of random effects (13)
 q - a wand of flame (14)
 C - a wand of polymorph (6)
Scrolls
 g - 6 scrolls of remove curse
 j - 11 scrolls of identify
 m - 4 scrolls of enchant armour
 n - a scroll of amnesia
 o - 2 scrolls of fog
 v - 4 scrolls of blinking
 x - a scroll of teleportation
 y - a scroll of summoning {unknown}
Potions
 i - 2 potions of brilliance
 k - 2 potions of heal wounds
 p - 4 potions of stabbing
 s - 2 potions of magic
 t - a potion of mutation {unknown}
 A - 3 potions of curing
 I - 2 potions of haste
Miscellaneous
 e - a tin of tremorstones (3/3)
Comestibles
 f - 21 rations


   Skills:
 + Level 9.8 Fighting
 + Level 9.1 Polearms
 + Level 8.7 Throwing
 + Level 8.1 Armour
 + Level 9.1 Dodging
 + Level 7.6 Stealth


You had 11 spell levels left.
You didn't know any spells.
Your spell library contained the following spells:

 Spells                   Type           Power        Failure   Level  Hunger
 Confusing Touch          Hex            #.......     67%         3    ####...
 Gell's Gravitas          Tloc           #.........   67%         3    ####...
 Petrify                  Tmut/Erth      #.......     97%         4    #####..
 Metabolic Englaciation   Hex/Ice        #.........   100%        5    ######.
 Yara's Violent Unravell  Hex/Tmut       #.........   100%        5    ######.


Dungeon Overview and Level Annotations

Branches:
Dungeon (13/15)            Temple (1/1) D:4            Lair (1/6) D:10
    Orc (0/2) D:9           IceCv (visited)         Gauntlet (1/1)
 Vaults: D:13-14

Altars:
Ashenzari
Cheibriados
Dithmenos
Elyvilon
Fedhas
Gozag
Hepliaklqana
Kikubaaqudgha
Makhleb
Nemelex Xobeh
Okawaru
Qazlal
Ru
Sif Muna
Trog
Uskayaw
Vehumet
Wu Jian
Xom
Yredelemnul
Zin
The Shining One

Annotations:
D:7 exclusion: statue
D:10 3 runed translucent doors Gauntlet 6 transporters, 2 runed translucent doors


Innate Abilities, Weirdness & Mutations

You have a pair of antennae on your head.
You are significantly more attuned to the shadows.
You are mostly covered in sharp spines.
Your movements are less encumbered by armour. (ER -4)
Your life essence is reduced to manifest your ancestor. (-10% HP)
You tend to lose your temper in combat.


Message History

Attack whom?
Press: ? - help, Dir - move target cursor, f/p - minotaur
Aim: a minotaur, wielding a staff of death, wearing a +0 chain mail and quivering 3 silver javelins (almost dead, strong, very poisoned)
You reach to attack!
You hit the minotaur.
The minotaur is almost dead.
Attack whom?
Press: ? - help, Dir - move target cursor, f/p - minotaur
Aim: a minotaur, wielding a staff of death, wearing a +0 chain mail and quivering 3 silver javelins (almost dead, strong, very poisoned)
You reach to attack!
You hit the minotaur but do no damage.
The minotaur is almost dead.
The minotaur throws a silver javelin.
The silver javelin pierces through you!!!
* * * LOW HITPOINT WARNING * * *
The silver sears you!
* * * LOW HITPOINT WARNING * * *
You feel much better.
The minotaur throws a silver javelin.
The silver javelin pierces through you!
* * * LOW HITPOINT WARNING * * *
The silver sears you!
You die...

##.?#..######
.#.)#..≈##..#
©.#©#.§###..#
#.#.#..≈##..#
.##[#..###..#
#..##..#....# ##########
#####..#©...# #........#
.....∩.#....####.######.#
.......#.......#@# {#.#
#####..#©...##.#(# #.#
....#..#....##.#.H.H(.#.#
.##.#.§###..##.########.#
##.)#..≈##..##..........#
#...#..###..#############
#..§#..≈##..#
#...#..###..#
##..#..≈#####


You could see a minotaur (strong, very poisoned).

Vanquished Creatures
  5 two-headed ogres
  A tengu warrior (Gauntlet)
  2 unseen horrors
  A shining eye (shapeshifter) (D:9)
  4 ugly things
  A manticore (D:13)
  A black mamba (Lair:1)
  2 centaur skeletons (D:13)
  A komodo dragon (D:13)
  An efreet (Gauntlet)
  A tengu conjurer (Gauntlet)
  A troll (D:13)
  Grinder (D:4)
  2 hippogriffs
  4 hornets
  2 slime creatures (D:12)
  2 wraiths (D:7)
  4 yaks
  2 fire elementals (Gauntlet)
  2 wyverns (D:9)
  A human (D:13)
  3 hungry ghosts
  4 vampire mosquitoes (D:13)
  2 acid dragons
  A water moccasin (D:12)
  A hell hound (Gauntlet)
  A porcupine (Lair:1)
  2 orc warriors
  3 ice beasts
  2 sky beasts
  A phantom (D:4)
  A necrophage (D:7)
  3 wolves (D:8)
  5 ogres
  2 centaurs (D:10)
  3 crocodiles
  4 bullfrogs
  3 killer bees (D:9)
  5 wights (D:7)
  4 howler monkeys
  2 bullfrog zombies
  2 centaur zombies
  7 crimson imps
  3 quasits
  A human zombie (D:7)
  5 jellies
  A bullfrog skeleton (D:5)
  3 hounds
  3 orc priests
  6 orc wizards
  Jessica (D:2)
  Terence (D:3)
  A gnoll shaman (D:6)
  2 iguanas
  4 worker ants
  A mummy (D:7)
  A hound skeleton (D:11)
  2 worker ant zombies
  11 adders
  3 gnolls (D:6)
  A shadow imp (D:5)
  10 white imps
  2 oozes
  An adder zombie (D:8)
  4 worms
  A dart slug (D:3)
  3 leopard geckos
  44 orcs
  6 bats
  3 giant cockroaches
  4 goblins
  8 hobgoblins
  7 jackals
  9 kobolds
  9 quokkas
  2 ball pythons
  5 frilled lizards
  2 goblin zombies (D:6)
  A jackal skeleton (D:4)
  4 orc skeletons
  2 orc zombies
  A quokka skeleton (D:8)
  9 rats
289 creatures vanquished.

Vanquished Creatures (collateral kills)
  Erolcha (D:9)
  A two-headed ogre (D:8)
  A cyclops (D:11)
  An ugly thing (D:10)
  A centaur skeleton (D:13)
  Maggie (D:8)
  3 trolls
  2 slime creatures (D:12)
  A hippogriff (D:11)
  A wraith (D:12)
  4 yaks
  Grum (D:8)
  2 hell hounds (Gauntlet)
  2 orc warriors (D:9)
  An ice beast (D:6)
  A black bear (D:9)
  2 phantoms
  2 ogres
  2 wolves (IceCv)
  A crocodile (D:13)
  2 big kobolds
  4 bullfrogs
  A wyvern zombie (D:11)
  A scorpion (D:9)
  A killer bee (D:9)
  4 wights (D:9)
  2 howler monkeys
  5 orc priests
  A jelly (D:9)
  2 orc wizards
  2 bullfrog skeletons
  2 hounds
  An iguana (D:8)
  2 human zombies (D:7)
  4 worker ants
  2 white imps (D:12)
  3 worms
  A leopard gecko (D:5)
  13 orcs
  A giant cockroach (D:8)
  A jackal (D:8)
  4 kobolds
  A frilled lizard (D:5)
  A kobold zombie (D:6)
  2 orc skeletons (D:6)
  A quokka skeleton (D:7)
95 creatures vanquished.

Vanquished Creatures (others)
  8 knights
  2 ancestors
10 creatures vanquished.

Grand Total: 394 creatures vanquished

Notes
Turn   | Place    | Note
-------+----------+-------------------------------------------
     0 | D:1      | Buxparty the Demonspawn Gladiator began the quest for the
                  | Orb.
     0 | D:1      | Reached XP level 1. HP: 16/16 MP: 1/1
   204 | D:1      | Gained mutation: You are partially covered in sharp spines.
                  | [demonic ancestry]
   204 | D:1      | Reached XP level 2. HP: 22/22 MP: 2/2
   766 | D:2      | Found a sparkling altar of Nemelex Xobeh.
   987 | D:2      | Noticed Jessica
   993 | D:2      | Killed Jessica
   993 | D:2      | Gained mutation: You have a pair of small antennae on your
                  | head. [demonic ancestry]
   993 | D:2      | Reached XP level 3. HP: 24/28 MP: 3/3
  1041 | D:2      | Found an iron altar of Okawaru.
  1165 | D:2      | Gained mutation: You are mostly covered in sharp spines.
                  | [demonic ancestry]
  1165 | D:2      | Reached XP level 4. HP: 34/34 MP: 4/4
  2088 | D:3      | Noticed Terence
  2099 | D:3      | Killed Terence
  2099 | D:3      | Gained mutation: You are slightly more attuned to the
                  | shadows. [demonic ancestry]
  2099 | D:3      | Reached XP level 5. HP: 36/41 MP: 5/5
  3229 | D:4      | Gained mutation: Your movements are slightly less
                  | encumbered by armour. (ER -2) [demonic ancestry]
  3229 | D:4      | Reached XP level 6. HP: 48/48 MP: 6/6
  3552 | D:4      | Found a staircase to the Ecumenical Temple.
  3577 | Temple   | Entered the Ecumenical Temple
  3732 | Temple   | Became a worshipper of Hepliaklqana the Forgotten
  3913 | D:4      | Found a shadowy altar of Dithmenos.
  3913 | D:4      | Noticed Grinder
  3935 | D:4      | Killed Grinder
  3935 | D:4      | Reached skill level 1 in Armour
  3935 | D:4      | Gained mutation: You are significantly more attuned to the
                  | shadows. [demonic ancestry]
  3935 | D:4      | Reached XP level 7. HP: 43/48 MP: 7/7
  4181 | D:5      | Entered Level 5 of the Dungeon
  5384 | D:5      | Gained mutation: You have a pair of antennae on your head.
                  | [demonic ancestry]
  5384 | D:5      | Reached XP level 8. HP: 51/54 MP: 8/8
  5441 | D:5      | Reached skill level 5 in Fighting
  5441 | D:5      | Reached skill level 5 in Polearms
  5441 | D:5      | Reached skill level 5 in Dodging
  6072 | D:6      | Found a glowing golden altar of the Shining One.
  6590 | D:6      | Gained mutation: Your movements are less encumbered by
                  | armour. (ER -4) [demonic ancestry]
  6590 | D:6      | Reached XP level 9. HP: 62/62 MP: 9/9
  6763 | D:6      | Reached * piety under Hepliaklqana
  6815 | D:6      | Reached skill level 5 in Throwing
  6985 | D:7      | Reached skill level 1 in Stealth
  7424 | D:7      | Found a white marble altar of Elyvilon.
  7660 | D:7      | Found a basalt altar of Yredelemnul.
  8290 | D:7      | Found a hide-covered altar of Uskayaw.
  8290 | D:7      | Found a sacrificial altar of Ru.
  8349 | D:7      | Found a radiant altar of Vehumet.
  8391 | D:7      | Found a shimmering blue altar of Sif Muna.
  8460 | D:7      | Found a shattered altar of Ashenzari.
  8591 | D:8      | Noticed Grum
  8882 | D:8      | Killed Grum
  8979 | D:8      | Reached ** piety under Hepliaklqana
  8980 | D:8      | Remembered your ancestor Xiuhtonal as a knight
  9048 | D:8      | Found an ornate altar of the Wu Jian Council.
  9158 | D:8      | Noticed Maggie
  9172 | D:8      | Killed Maggie
  9182 | D:8      | Reached skill level 5 in Armour
  9188 | D:8      | Reached XP level 10. HP: 68/69 MP: 10/10
  9230 | D:8      | Noticed a two-headed ogre
  9554 | D:8      | Killed a two-headed ogre
  9557 | D:8      | Got an amethyst-encrusted ring mail
  9568 | D:8      | Identified the +3 ring mail of Articulation {Regen+ Str+2}
                  | (You found it on level 8 of the Dungeon)
 10151 | D:9      | Noticed Erolcha
 10180 | D:9      | Paralysed by Erolcha for 2 turns
 10186 | D:9      | Killed Erolcha
 10310 | D:9      | Noticed a shining eye
 10312 | D:9      | Gained mutation: You tend to lose your temper in combat. [a
                  | shining eye]
 10327 | D:9      | Killed a shining eye
 10779 | D:9      | Found a staircase to the Orcish Mines.
 10894 | D:9      | Reached XP level 11. HP: 77/77 MP: 11/11
 11026 | D:9      | Reached skill level 5 in Stealth
 11110 | D:9      | Found an ancient bone altar of Kikubaaqudgha.
 11334 | D:10     | Entered Level 10 of the Dungeon
 11346 | D:10     | Killed an unseen horror
 11399 | D:10     | Reached *** piety under Hepliaklqana
 11427 | D:10     | Found a runed translucent gate.
 11427 | D:10     | Found a runed translucent gate.
 11427 | D:10     | Found a runed translucent gate.
 11620 | D:10     | Noticed a brown ugly thing
 11635 | D:10     | Killed a brown ugly thing
 11996 | D:10     | Found a staircase to the Lair.
 12149 | D:10     | Noticed a two-headed ogre
 12166 | D:10     | Killed a two-headed ogre
 12517 | D:11     | Killed an unseen horror
 12870 | D:11     | Found a snail-covered altar of Cheibriados.
 12937 | D:11     | Noticed a white ugly thing
 12946 | D:11     | Killed a white ugly thing
 12965 | D:11     | Noticed a two-headed ogre
 12976 | D:11     | Killed a two-headed ogre
 13208 | D:12     | Found a frozen archway.
 13302 | IceCv    | Entered an ice cave
 13785 | D:12     | Noticed a two-headed ogre
 13794 | D:12     | Killed a two-headed ogre
 13794 | D:12     | Reached XP level 12. HP: 84/84 MP: 12/12
 13806 | D:12     | Reached **** piety under Hepliaklqana
 14207 | D:12     | Noticed a two-headed ogre
 14217 | D:12     | Killed a two-headed ogre
 14575 | D:13     | Noticed a two-headed ogre
 14590 | D:13     | Killed a two-headed ogre
 15335 | D:13     | Reached ***** piety under Hepliaklqana
 15669 | Lair:1   | Entered Level 1 of the Lair of Beasts
 15720 | Lair:1   | Found a gate leading to a gauntlet.
 15740 | Gauntlet | Entered a Gauntlet
 15740 | Gauntlet | Found a transporter.
 15742 | Gauntlet | Noticed a tengu warrior
 15771 | Gauntlet | Found a runed translucent door.
 15784 | Gauntlet | Found a transporter.
 15787 | Gauntlet | Found a transporter.
 15795 | Gauntlet | Found a transporter.
 15798 | Gauntlet | Found a transporter.
 15806 | Gauntlet | Found a transporter.
 15807 | Gauntlet | Found the +9 staff of Olgreb {rPois∞}
 15824 | Gauntlet | Found a transporter.
 15872 | Gauntlet | Found a transporter.
 15889 | Gauntlet | Noticed a queen ant
 15890 | Gauntlet | Found a runed translucent door.
 15993 | Gauntlet | Found a transporter.
 15993 | Gauntlet | Found a transporter.
 16185 | Gauntlet | Killed a tengu warrior
 16267 | Gauntlet | Found a transporter.
 16291 | Gauntlet | Paralysed by a hornet for 1 turns
 16293 | Gauntlet | Found a transporter.
 16477 | Gauntlet | Got a pitted pewter ring
 16479 | Gauntlet | Identified the ring "Toinnifi" {Str+6 Int+4} (You found it
                  | in a Gauntlet)
 16537 | Gauntlet | Noticed a minotaur
 16555 | Gauntlet | HP: 1/87 [minotaur/silver javelin (17)]
 16556 | Gauntlet | Hit by a silver javelin thrown by a minotaur

Illustrated notes

Levels and vault maps discovered:
D:1:      kennysheep_arrival_seaside, layout_basic
D:2:      layout_loops_corners, lemuel_round_altar,
          nemelex_xobeh_ov_fountains_minmay, first_ration, uniq_jessica
D:3:      layout_basic, kennysheep_generic_room_9, uniq_terence
D:4:      layout_rooms, grunt_dithmenos_shadows, temple_green, uniq_grinder
D:5:      layout_loops_ring
D:6:      minmay_spotlight, layout_loops_ring, nicolae_tso_besieged_by_evil
D:7:      layout_cave_pools, lemuel_crystal_altar,
          lemuel_mausoleum_altar_yredelemnul, ashenzari_conservatory_becter,
          vehumet_statue, old_standard_altar, gammafunk_temple_overflow_statue,
          minmay_misc_feat_alley
D:8:      layout_basic, lemuel_round_altar, uniq_maggie, uniq_grum
D:9:      layout_basic, lemuel_round_altar, hiddenorc2_lemuel, uniq_erolcha
D:10:     layout_loops_corners, lair_entry_dummy, gammafunk_ghost_spectres
D:11:     layout_gridville, basic_altar
D:12:     layout_cave_pods, portal_ice_cave_entry_imps
D:13:     layout_stronghold, grunt_pizzeria, st_stairs_13
Temple:   jpeg_temple_island
Lair:1:   layout_gridlike, gauntlet_entry_generic
Gauntlet: minmay_gauntlet_mixed_big_or_small [gammafunk_gauntlet_arena_teeth,
          minmay_gauntlet_arena_77_cramped, nicolae_gauntlet_arena_x,
          minmay_gauntlet_arena_77_tiled_triplets,
          gammafunk_gauntlet_arena_split_x, minmay_gauntlet_arena_77_mess,
          gauntlet_exit_spiral]

Skill      XL: |  1  2  3  4  5  6  7  8  9 10 11 12 |
---------------+-------------------------------------+-----
Polearms       | 3 4 5 6 7 8 9 |  9.1
Dodging        | 3 4 5 6 7 8 9 |  9.1
Fighting       | 3 4 5 6 7 8 9 |  9.8
Throwing       | 2 3 4 5 6 7 8 |  8.7
Armour         | 1 2 3 5 6 7 8 |  8.1
Stealth        | 3 4 6 7 |  7.6

Action                   |  1- 3 |  4- 6 |  7- 9 | 10-12 || total
-------------------------+-------+-------+-------+-------++-------
Melee: Trident           |    46 |   126 |   239 |       ||   411
       Spear             |       |       |   164 |   640 ||   804
Throw: Boomerang         |     8 |    47 |       |       ||    55
       Dart              |       |     1 |     1 |     6 ||     8
Invok: Ancestor Life: Kn |       |       |     1 |       ||     1
  Use: Scroll            |       |     3 |       |    12 ||    15
       Potion            |       |     2 |       |    17 ||    19
 Stab: Sleeping          |       |     7 |    45 |    64 ||   116
       Distracted        |       |       |     6 |    11 ||    17
  Eat: Chunk             |     1 |     8 |    11 |    22 ||    42
       Ration            |       |       |     2 |     1 ||     3
Armor: Leather armour    |     8 |     7 |    30 |       ||    45
       Ring mail         |       |       |       |    59 ||    59
       Steam dragon scal |       |       |       |     1 ||     1
Dodge: Dodged            |    15 |    54 |   149 |   211 ||   429
